 Dungeon Crawl Stone Soup version 0.30-a0-250-g41c1d76940 (webtiles) character file.

Game seed: 8001425543798398580

41 purpskrrrp the Firebug (level 3, -3/19 HPs)
             Began as a Gargoyle Fire Elementalist on Oct 12, 2022.
             Slain by a gnoll
             ... wielding a +0 halberd
              (10 damage)
             ... on level 2 of the Dungeon.
             The game lasted 00:05:06 (2198 turns).

purpskrrrp the Firebug (Gargoyle Fire Elementalist) Turns: 2198, Time: 00:05:08

Health: -3/19      AC:  5    Str: 11    XL:     3   Next: 52%
Magic:  0/6        EV: 12    Int: 17    God:
Gold:   92         SH:  0    Dex: 10    Spells: 5/6 levels left

rFire   . . .      SeeInvis .    h - +1 war axe
rCold   . . .      Faith    .    (no shield)
rNeg    + . .      Spirit   .    a - +0 robe
rPois   ∞          Reflect  .    (no helmet)
rElec   +          Harm     .    (no cloak)
rCorr   .          Rampage  .    (no gloves)
Will    .....                    (no boots)
Stlth   ++........               (no amulet)
HPRegen 0.23/turn                (no ring)
MPRegen 0.10/turn                (no ring)

@: no status effects
A: sickness immunity, AC +3, negative energy resistance 1, electricity
resistance, torment resistance 1, petrification resistance
a: no special abilities


You were on level 2 of the Dungeon.
You visited 1 branch of the dungeon, and saw 2 of its levels.

You collected 92 gold pieces.

Inventory:

Hand Weapons
 h - a +1 war axe (weapon)
Armour
 a - a +0 robe (worn)
 i - a +1 scale mail of poison resistance
Scrolls
 e - a scroll of blinking
 f - a scroll of enchant armour {unknown}
 g - 2 scrolls of identify
Potions
 b - a potion of magic
 c - a potion of heal wounds {unknown}
 d - 5 potions of curing
 j - 2 potions of invisibility {unknown}


   Skills:
 + Level 2.0 Dodging
 - Level 2.1 Stealth
 + Level 2.4 Spellcasting
 + Level 2.0 Conjurations
 + Level 3.3 Fire Magic


You had 5 spell levels left.
You knew the following spells:

 Your Spells              Type           Power      Damage    Failure   Level
a - Foxfire               Conj/Fire      44%        2x1d6     6%          1

Your spell library contained the following spells:

 Spells                   Type           Power      Damage    Failure   Level
 Scorch                   Fire           26%        2d6       7%          2
 Inner Flame              Hex/Fire       7%         N/A       28%         3
 Kindle Blastsparks       Fire/Tloc/Air  10%        2d10      34%         3
 Flame Wave               Conj/Fire      11%        2d6       52%         4


Dungeon Overview and Level Annotations

Branches:
Dungeon (2/15)

Altars:


Innate Abilities, Weirdness & Mutations

You are immune to sickness and miasma.
Your stone body is resilient. (AC +3)
You are immune to poison.
You resist negative energy. (rN+)
You are resistant to electric shocks. (rElec)
You are resistant to unholy torment.
You are immune to petrification.


Message History

There are monsters nearby!
You conjure some foxfire!
You conjure some foxfire!
You conjure some foxfire!
The foxfire hits the giant cockroach.
The giant cockroach is severely wounded.
The foxfire hits the giant cockroach.
You kill the giant cockroach!
You conjure some foxfire!
The foxfire hits the ball python.
You kill the ball python!
You conjure some foxfire!
Your foxfire dissipates!
The foxfire hits the gnoll.
The gnoll is lightly wounded.
The foxfire hits the gnoll but does no damage.
The gnoll is lightly wounded.
The gnoll barely misses you.
Found 2 coppery potions.
The dart slug briefly extends its eye-stalks.
The gnoll closely misses you.
You barely miss the gnoll.
The gnoll is lightly wounded.
The gnoll hits you with a +0 halberd.
You hit the gnoll but do no damage.
The gnoll is lightly wounded.
The gnoll closely misses you. The gnoll hits you with a +0 halberd.
You barely miss the gnoll.
The gnoll is lightly wounded.
The gnoll hits you with a +0 halberd! The gnoll closely misses you.
You are too injured to fight recklessly!
Casting: Foxfire (safe; 6% risk of failure)
Press: ? - help, Q - select action Dir - look around, f - activate You conjure some foxfire!
The gnoll misses you.
Casting: Foxfire (safe; 6% risk of failure)
Press: ? - help, Q - select action Dir - look around, f - activate You conjure some foxfire!
The gnoll hits you from afar with a +0 halberd!
Ouch! That really hurt!
You die...

##.### #..........#
#)..######..........#
#.#.##..............#
#.#.##..............#
..#..###.#.##.####.#####
#.###.###.#.#..##.....##. ..
#..####...##........> ..##
##.v.######..........
##...###@§..#####........
!....wgvv§).............. ##
##...###§...#####........ ..####
## v.#### .......... .....###
###..###.......... .......##
##......##......... ......<.#
#.##.....##.....##. ...#.#### .
.##.#†......###### #.
..##.#####.#.#...........#######.


You could see a gnoll (ally target) and a dart slug.

Vanquished Creatures
  An adder (D:2)
  2 worms (D:2)
  2 dart slugs (D:1)
  3 giant cockroaches
  2 goblins
  2 kobolds (D:1)
  5 ball pythons
  3 bats
  2 frilled lizards
  4 rats
26 creatures vanquished.

Vanquished Creatures (others)
  108 foxfires
108 creatures vanquished.

Grand Total: 134 creatures vanquished

Notes
Turn   | Place    | Note
-------+----------+-------------------------------------------
     0 | D:1      | purpskrrrp the Gargoyle Fire Elementalist began the quest
                  | for the Orb.
     0 | D:1      | Reached XP level 1. HP: 10/10 MP: 3/3
   332 | D:1      | Reached XP level 2. HP: 7/15 MP: 0/5
  1875 | D:2      | Reached XP level 3. HP: 19/19 MP: 2/6
  2198 | D:2      | Slain by a gnoll

Illustrated notes

Levels and vault maps discovered:
D:1:      minmay_arrival_split_and_join, layout_rooms, serial_co_window_serial,
          co_window_corner_a, co_window_paths_a, co_window_corner_a,
          co_window_of_opportunity_a, co_window_corner_a,
          co_window_of_opportunity_c, co_window_unsneaky_path_c,
          co_window_corner_ca, co_window_2corner, co_window_of_opportunity_b,
          co_window_paths_c, co_window_4corner_b, glass_columns_b
D:2:      minmay_general_purpose_star, layout_rooms

Skill      XL: |  1  2  3 |
---------------+----------+-----
Dodging        | 2 |  2.0
Conjurations   | 2 |  2.0
Stealth        | |  2.1
Spellcasting   | |  2.4
Fire Magic     | |  3.3

Action                   || total
-------------------------++-------
Melee: Unarmed           ||    29
       War axe           ||     9
 Cast: Foxfire           ||    78
  Use: Scroll            ||     4
Armor: Robe              ||    10
Dodge: Dodged            ||    32

Table legend: (Time is in decaauts)
 A = Elapsed time spent in this place.
 B = Non-inter-level travel time spent in this place.
 C = Inter-level travel time spent in this place.
 D = Time resting spent in this place.
 E = Time spent auto-exploring this place.
 F = Levels seen in this place.
 G = Mean time per level.
                   A        B        C        D        E       F      G
               +--------+--------+--------+--------+--------+-----+--------+
         Total |   2201 |   2053 |    148 |     33 |   1741 |   2 | 1100.5 |
       Dungeon |   2201 |   2053 |    148 |     33 |   1741 |   2 | 1100.5 |
               +--------+--------+--------+--------+--------+-----+--------+

Top non-repeatable levels by time:
     D:1: 1531 daAuts
     D:2: 670 daAuts
